 Dungeon Crawl Stone Soup version 0.31.0-9-g3a7656b989 (webtiles) character file.

Game seed: 3345771711950397287

236757 Conn the Scholar (level 19, -11/129 HPs)
             Began as an Octopode Fire Elementalist on Jan 27, 2024.
             Was an Elder of Sif Muna.
             Killed from afar by a deep elf elementalist (30 damage)
             ... with a blast of rock fragments
             ... on level 3 of the Elven Halls on Jan 28, 2024.
             The game lasted 02:59:16 (46010 turns).

Conn the Scholar (Octopode Fire Elementalist)      Turns: 46010, Time: 02:59:20

Health: -11/129    AC:  1    Str:  8    XL:     19   Next: 67%
Magic:  1/43       EV: 27    Int: 33    God:    Sif Muna [****..]
Gold:   1966       SH: 17    Dex: 34    Spells: 1/41 levels left

rFire   . . .        f - +4 trident of Mugutyad {venom, rF+ Dex+2}
rCold   + + .        m - +1 kite shield {rPois}
rNeg    + + .        (helmet restricted)
rPois   +            C - amulet "Agruorgha" {Harm ^Drain rN++ Regen+}
rElec   +            j - +5 ring of evasion
rCorr   +            k - ring of magical power
SInv    .            e - ring of resist corrosion
Will    +....        c - ring of wizardry
Stlth   ++++++       X - +6 ring of dexterity
HPRegen 1.21/turn    J - ring "Kiesotz" {rC+ Dex+6}
MPRegen 0.28/turn    p - ring "Fumigg" {rElec rF- rC+ Int+5 Dex+3}
                     O - +6 ring of intelligence

%: harm (+30% outgoing, +20% incoming), clarity, wizardry (x1)
@: hasted, studying Axes, very quick
A: almost no armour, amphibious, 8 rings, camouflage 1, gelatinous body 1,
(nimble swimmer 1), tentacles, agile 1, clarity, passive freeze
}: 1/15 runes: barnacled
a: Renounce Religion, Channel Magic, Forget Spell, Divine Exegesis


You were on level 3 of the Elven Halls.
You worshipped Sif Muna.
Sif Muna was greatly pleased with you.
You visited 7 branches of the dungeon, and saw 31 of its levels.
You also visited: Bailey and Gauntlet.

You collected 3107 gold pieces.
You spent 1141 gold pieces at shops.

Inventory:

Hand Weapons
 f - the +4 trident of Mugutyad (weapon) {venom, rF+ Dex+2}
   (You took it off a gnoll sergeant on level 5 of the Dungeon)

   Dex+2:     It affects your dexterity (+2).
   rF+:       It protects you from fire.
Missiles
 x - 8 curare-tipped darts (quivered)
 M - a throwing net
Armour
 m - a +1 kite shield of poison resistance (worn)
Magical Staves
 n - a staff of cold
 L - the staff of the Morning {rElec rC+ Air}
   (You found it on level 5 of the Lair of Beasts)

   [staff of air]

   Base accuracy: +5 Base damage: 5 Base attack delay: 1.2 This weapon's minimum
   attack delay (0.6) is reached at skill level 12.
   rC+:       It protects you from cold.
   rElec:     It insulates you from electricity.
   Air:       It increases the power of your Air spells.
   It falls into the 'Staves' category.
   It is a one-tentacled weapon.
 S - the staff "Itiozuat" {rPois rN+ Alchemy}
   (You found it in a Gauntlet)

   [staff of alchemy]

   Base accuracy: +5 Base damage: 5 Base attack delay: 1.2 This weapon's minimum
   attack delay (0.6) is reached at skill level 12.
   rPois:     It protects you from poison rN+: It protects you from negative
   energy.
   Alchemy:   It increases the power of your Alchemy spells.
   It falls into the 'Staves' category.
   It is a one-tentacled weapon.
Jewellery
 c - a ring of wizardry (on tentacle)
 e - a ring of resist corrosion (on tentacle)
 j - a +5 ring of evasion (left tentacle)
 k - a ring of magical power (right tentacle)
 p - the ring "Fumigg" (on tentacle) {rElec rF- rC+ Int+5 Dex+3}
   (You took it off an orc on level 9 of the Dungeon)

   [ring of protection from cold]

   Int+5:     It affects your intelligence (+5).
   Dex+3:     It affects your dexterity (+3).
   rF-:       It makes you vulnerable to fire.
   rC+:       It protects you from cold.
   rElec:     It insulates you from electricity.
 y - a ring of flight
 z - an amulet of reflection
 C - the amulet "Agruorgha" (around mantle) {Harm ^Drain rN++ Regen+}
   (You took it off a gnoll on level 5 of the Dungeon)

   [amulet of regeneration]

   rN++:      It greatly protects you from negative energy.
   Regen+:    It increases your rate of health regeneration.
   ^Drain:    It drains your maximum health when unequipped.
   Harm:      It increases damage dealt and taken.
 J - the ring "Kiesotz" (on tentacle) {rC+ Dex+6}
   (You took it off a gnoll bouda in a bailey)

   [ring of dexterity]

   Dex+6:     It affects your dexterity (+6).
   rC+:       It protects you from cold.
 O - a +6 ring of intelligence (on tentacle)
 T - a ring of ice
 X - a +6 ring of dexterity (on tentacle)
Wands
 b - a wand of quicksilver (7)
 r - a wand of paralysis (32)
 G - a wand of digging (8)
 N - a wand of mindburst (6)
 Q - a wand of polymorph (6)
 W - a wand of iceblast (11)
Scrolls
 d - 9 scrolls of fog
 i - a scroll of blinking
 o - 6 scrolls of noise
 q - 6 scrolls of poison
 s - 3 scrolls of immolation
 u - a scroll of torment
 v - 2 scrolls of revelation
 A - a scroll of fear
 B - 7 scrolls of teleportation
 U - 12 scrolls of identify
 Y - a scroll of silence
 Z - a scroll of vulnerability
Potions
 a - 4 potions of magic
 g - 13 potions of curing
 h - a potion of brilliance
 w - 2 potions of lignification
 D - 8 potions of mutation
 E - 3 potions of berserk rage
 F - 4 potions of attraction
 I - 2 potions of ambrosia
 P - 4 potions of haste
 R - 3 potions of heal wounds
Miscellaneous
 l - a lightning rod (4/4)
 t - a sack of spiders
 H - a phial of floods
 K - a condenser vane
 V - a phantom mirror


   Skills:
 + Level 11.6 Fighting
 - Level 7.0(7.2) Axes
 - Level 2.7(10.7) Polearms
 - Level 14.3(14.4) Staves
 - Level 9.0 Dodging
 - Level 8.0 Stealth
 + Level 10.6 Shields
 + Level 11.8 Spellcasting
 + Level 12.5 Conjurations
 - Level 5.4 Hexes
 - Level 3.0 Summonings
 - Level 5.0 Translocations
 + Level 12.8 Fire Magic
 - Level 5.0 Ice Magic
 - Level 5.0 Air Magic
 - Level 3.0 Earth Magic
 - Level 3.2 Alchemy
 * Level 15.9 Invocations


You had one spell level left.
You knew the following spells:

 Your Spells              Type           Power      Damage    Failure   Level
a - Foxfire               Conj/Fire      100%       2x1d9     1%          1
b - Scorch                Fire           100%       2d9       1%          2
c - Inner Flame           Hex/Fire       68%        N/A       1%          3
d - Flame Wave            Conj/Fire      80%        2d17      1%          4
e - Mephitic Cloud        Conj/Alch/Air  60%        N/A       1%          3
f - Summon Ice Beast      Ice/Summ       45%        N/A       1%          3
g - Hailstorm             Conj/Ice       67%        3d12      1%          3
h - Fireball              Conj/Fire      40%        3d16      1%          5
i - Brom's Barrelling Bo  Conj/Erth      63%        2d8       1%          4
j - Blink                 Tloc           100%       N/A       1%          2
k - Iskenderun's Mystic   Conj/Tloc      67%        2d14      1%          4
l - Starburst             Conj/Fire      40%        6d11      2%          6

Your spell library contained the following spells:

 Spells                   Type           Power      Damage    Failure   Level
 Magic Dart               Conj           100%       1d8       1%          1
 Shock                    Conj/Air       100%       1d9       1%          1
 Slow                     Hex            100%       N/A       1%          1
 Call Imp                 Summ           78%        N/A       1%          2
 Cigotuvi's Dreadful Rot  Necr/Alch/Air  74%        N/A       1%          2
 Ensorcelled Hibernation  Hex/Ice        100%       N/A       1%          2
 Jinxbite                 Hex            100%       N/A       1%          2
 Lesser Beckoning         Tloc           100%       N/A       1%          2
 Mercury Vapours          Alch/Air       92%        N/A       1%          2
 Momentum Strike          Conj/Tloc      100%       3d10      1%          2
 Searing Ray              Conj           100%       2d8       1%          2
 Static Discharge         Conj/Air       100%       3-8/arc   1%          2
 Confusing Touch          Hex            53%        N/A       1%          3
 Dazzling Flash           Conj/Hex       100%       N/A       1%          3
 Ozocubu's Armour         Ice            51%        N/A       1%          3
 Sigil of Binding         Hex            53%        N/A       1%          3
 Stone Arrow              Conj/Erth      100%       3d13      1%          3
 Swiftness                Air            51%        N/A       1%          3
 Teleport Other           Tloc           51%        N/A       1%          3
 Volatile Blastmotes      Fire/Tloc      100%       2d18      1%          3
 Fulminant Prism          Conj/Alch      32%        3d15      1%          4
 Ignite Poison            Fire/Alch      64%        N/A       1%          4
 Sticky Flame             Fire/Alch      64%        2d11      1%          4
 Iskenderun's Battlesphe  Conj           80%        2d13      1%          5
 Passwall                 Erth           39%        N/A       2%          3
 Irradiate                Conj/Alch      32%        3d22      3%          5
 Sublimation of Blood     Necr           19%        N/A       4%          2
 Airstrike                Air            25%        2d(4-20)  4%          4
 Dimensional Bullseye     Hex/Tloc       26%        N/A       4%          4
 Manifold Assault         Tloc           51%        N/A       4%          4
 Freezing Cloud           Conj/Ice/Air   31%        6-21      4%          5
 Summon Lightning Spire   Summ/Air       45%        N/A       6%          4
 Petrify                  Alch/Erth      40%        N/A       9%          4
 Fugue of the Fallen      Necr           19%        N/A       10%         3
 Vampiric Draining        Necr           19%        2d7       10%         3
 Silence                  Hex/Air        26%        N/A       11%         5
 Conjure Ball Lightning   Conj/Air       33%        3x3d11    13%         6
 Martyr's Knell           Necr/Summ      29%        N/A       16%         4
 Summon Mana Viper        Hex/Summ       47%        N/A       16%         5
 Yara's Violent Unravell  Hex/Alch       24%        3d11      16%         5
 Orb of Destruction       Conj           40%        9d11      16%         7
 Bombard                  Conj/Erth      31%        9d6       21%         6
 Alistair's Intoxication  Alch           26%        N/A       22%         5
 Lee's Rapid Deconstruct  Erth           19%        3d11*     26%         5
 Animate Dead             Necr           19%        N/A       30%         4
 Dispel Undead            Necr           19%        3d11      30%         4
 Borgnjor's Vile Clutch   Necr/Erth      14%        N/A       41%         5
 Curse of Agony           Necr           19%        N/A       61%         5
 Sculpt Simulacrum        Ice/Alch       23%        N/A       63%         6
 Spellforged Servitor     Conj/Summ      31%        N/A       69%         7
 Summon Cactus Giant      Summ           19%        N/A       77%         6
 Enfeeble                 Hex            26%        N/A       94%         7
 Ozocubu's Refrigeration  Ice            25%        4d13      96%         7
 Death Channel            Necr           9%         N/A       99%         6
 Malign Gateway           Summ/Tloc      22%        N/A       99%         7
 Monstrous Menagerie      Summ           19%        N/A       99%         7
 Summon Hydra             Summ           19%        N/A       99%         7
 Disjunction              Tloc           25%        N/A       100%        8
 Lehudib's Crystal Spear  Conj/Erth      31%        10d8      100%        8
 Maxwell's Capacitive Co  Air            25%        ∞         100%        8
 Chain Lightning          Conj/Air       33%        3d44      100%        9
 Fire Storm               Conj/Fire      40%        8d10      100%        9
 Shatter                  Erth           19%        3d18*     100%        9


Dungeon Overview and Level Annotations

Branches:
Dungeon (15/15)            Temple (1/1) D:4            Lair (5/5) D:10
 Shoals (4/4) Lair:3       Spider (0/4) Lair:2        Slime (0/5) Lair:5
    Orc (2/2) D:9             Elf (3/3) Orc:2        Vaults (1/5) D:14
 Depths (0/4) D:15         Bailey (visited)         Gauntlet (visited)

Altars:
Ashenzari
Cheibriados
Dithmenos
Elyvilon
Fedhas
Gozag
Hepliaklqana
Kikubaaqudgha
Makhleb
Nemelex Xobeh
Okawaru
Qazlal
Ru
Sif Muna
Trog
Uskayaw
Vehumet
Wu Jian
Xom
Yredelemnul
Zin
The Shining One
Jiyva
Lugonu

Shops:
D:11 (   D:15 [   Orc:1 *   Orc:2 :(*[   Elf:1 *   Elf:2 *:   Elf:3 [

Portals:
Abyss: D:13 Lair:5
Trove: Elf:3 (give +5 demon blade)

Annotations:
D:15 Skimidon's ghost, journeyman DsFi
Elf:2 1 runed translucent door


Innate Abilities, Weirdness & Mutations

You cannot wear most types of armour.
You are amphibious.
You can wear up to eight rings at the same time.
Your skin changes colour to match your surroundings (Stealth+).
Your rubbery body absorbs attacks. (AC +1, EV +1)
((You are camouflaged when in or above water. (Stealth+)))
You have tentacles for arms and can constrict up to eight enemies at once.
You are agile. (Dex +4, Str/Int -1)
You possess an exceptional clarity of mind.
A frigid envelope surrounds you and freezes all who hurt you.


Message History

Casting: Starburst (dangerous; 2% risk of failure)
Press: ? - help, Dir - look around, f - activate The bolt of fire hits the ghostly deep elf blademaster!!!
You destroy the ghostly deep elf blademaster!
Sif Muna accepts your kill.
The bolt of fire hits the deep elf death mage!!
You kill the deep elf death mage!
Sif Muna accepts your kill.
The ghostly deep elf master archer wields a +0 longbow.
The ghostly deep elf master archer shoots an arrow.
The arrow completely misses you.
Casting: Starburst (dangerous; 2% risk of failure)
Confirm with . or Enter, or press ? or * to list all spells.
You conjure some foxfire!
The deep elf elementalist casts a spell next to you.
The wall shatters!
The blast of rock fragments hits your foxfire!!
The blast of rock fragments hits you!!!
You hear a shout!
Unknown command.
Unknown command.
Unknown command.
Unknown command.
Unknown command.
You feel yourself speed up.
The foxfire hits the ghostly deep elf master archer.
The ghostly deep elf master archer is lightly damaged.
The ghostly deep elf master archer shoots an arrow.
You block the arrow.
The ghostly deep elf master archer shoots an arrow.
The arrow hits you!!
* * * LOW HITPOINT WARNING * * *
Casting: Foxfire (safe; 1% risk of failure)
Confirm with . or Enter, or press ? or * to list all spells.
You conjure some foxfire!
The deep elf elementalist gestures next to you while chanting.
The wall shatters!
The blast of rock fragments hits your foxfire!!
The blast of rock fragments hits you!!
You die...

###...###
##.## #.#
#[# #.##
#..# ##.#
#v# #@#
#v# #§#
#§# #e#
#)# #e#


ee2 .E.)e You could see a ghostly deep elf master archer (ally target), a reaper
(summoned), a deep elf annihilator, a deep elf elementalist (repels missiles,
ally target) and a deep elf zephyrmancer.

Vanquished Creatures
  Jorgrun (Orc:1)
  Zenata (Elf:3)
  3 deep elf blademasters
  A kraken (Shoals:4)
  An acid blob (D:15)
  Ilsuiw (Shoals:4)
  The ghost of Witt the Fighter, an adept GrFi of Ashenzari (Shoals:3)
  A rockslime (D:15)
  The ghost of Wecaes the Arsonist, a journeyman HOFE of Okawaru (Shoals:3)
  A frost giant (Shoals:4)
  2 deep elf sorcerers (Elf:3)
  A vault warden (Vaults:1)
  Louise (Shoals:2)
  An orc warlord (Orc:2)
  2 ironbound preservers
  A quicksilver ooze (D:15)
  A deep elf demonologist (Elf:1)
  2 deep elf death magi (Elf:3)
  2 deep elf annihilators (Elf:3)
  A minotaur (Gauntlet)
  4 merfolk javelineers
  11 merfolk impalers
  An ettin (Orc:1)
  The ghost of topfpfpflanze the Thaumaturge, a journeyman FeCj of Vehumet (Orc:2)
  A fire dragon (D:14)
  Josephine (D:12)
  A great orb of eyes (Vaults:1)
  Erolcha (D:12)
  A vault guard (D:14)
  A sphinx zombie (D:15)
  4 hydras
  13 centaur warriors
  An alligator snapping turtle (Shoals:4)
  2 catoblepae (Lair:3)
  34 dancing weapons
  4 boulder beetles
  6 two-headed ogres
  7 merfolk aquamancers
  A death knight (D:9)
  A satyr (Shoals:3)
  Urug (D:12)
  4 death yaks
  An orc high priest (Orc:2)
  A vampire mage (D:15)
  5 spriggan berserkers
  3 thrashing horrors (Lair:5)
  10 deep elf knights
  Nergalle (Lair:2)
  A storm dragon zombie (D:15)
  Sonja (Lair:4)
  The ghost of Laummuim the Gouger, a journeyman FeFi of Fedhas (Lair:4)
  13 skysharks
  7 skeletal warriors
  A skyshark (shapeshifter) (Lair:5)
  3 deep trolls
  An orb spider (Lair:2)
  2 arcanists
  2 deep elf archers (Elf:3)
  3 lindwurms (Vaults:1)
  13 sea snakes
  2 ironbound convokers (Vaults:1)
  11 harpies
  5 orc knights (Orc:2)
  28 deep elf pyromancers
  20 deep elf zephyrmancers
  2 oklob plants (Lair:3)
  2 necromancers
  4 fauns
  8 cyclopes
  10 ugly things
  4 orc sorcerers
  6 elephants (Lair:4)
  21 manticores
  4 large abominations (Lair:5)
  2 moths of wrath (Lair:4)
  6 meliai
  A meliai (shapeshifter) (D:13)
  The ghost of nitefall the Cudgeller, a novice MiBe of Trog (D:5)
  4 black mambas
  6 merfolk sirens
  4 smoke demons (Lair:5)
  A black mamba (shapeshifter) (D:15)
  A water nymph (shapeshifter) (Elf:2)
  11 water nymphs
  7 kobold blastminers
  A torpor snail (Lair:3)
  A vault sentinel (Vaults:1)
  An orange demon (Orc:2)
  22 cane toads
  An unseen horror (D:12)
  A kobold demonologist (D:11)
  2 rime drakes (Lair:3)
  A yaktaur (Vaults:1)
  11 komodo dragons
  A freezing wraith (D:14)
  2 burning bushes (Lair:5)
  A queen bee (shapeshifter) (D:9)
  30 merfolk
  3 wind drakes
  10 trolls
  5 hornets
  Grinder (D:6)
  A polar bear (Lair:2)
  36 blink frogs
  5 dream sheep
  2 raiju
  A spriggan zombie (D:15)
  3 centaur simulacra (Gauntlet)
  17 snapping turtles
  A shadow (D:11)
  11 water elementals
  13 slime creatures
  A ynoxinul (Lair:5)
  9 air elementals
  A vampire (D:13)
  A fire bat (Orc:2)
  A human (shapeshifter) (Lair:5)
  56 yaks
  5 spriggans
  11 wraiths
  15 basilisks
  4 fire elementals
  8 wyverns
  A hog (shapeshifter) (Elf:2)
  4 wargs (Orc:2)
  Grum (D:8)
  6 golden eyes (D:15)
  3 steam dragons
  16 vampire mosquitoes
  An acid dragon (D:11)
  Edmund (D:4)
  13 water moccasins
  A hell hound (Orc:2)
  31 orc warriors
  A sky beast (D:7)
  Duvessa (D:7)
  An ice beast (D:6)
  9 small abominations (Lair:5)
  2 black bears (D:6)
  3 laughing skulls
  6 ogres
  16 wolves
  20 centaurs
  7 kobold brigands
  7 bullfrogs
  12 gnoll sergeants
  2 earth elementals
  5 scorpions
  14 wights
  Dowan (D:7)
  17 killer bees
  9 howler monkeys
  An electric eel (Lair:5)
  A wyvern simulacrum (Gauntlet)
  11 orc priests
  2 jellies
  2 bombardier beetles
  6 hounds
  10 gnoll boudas
  Crazy Yiuf (D:7)
  2 sleepcaps
  3 iguanas
  Natasha (thrice) (D:2)
  19 orc wizards
  10 hell rats
  Robin (D:3)
  9 adders
  29 gnolls
  2 shadow imps (Gauntlet)
  5 white imps
  2 ufetubi (D:6)
  3 ribbon worms
  4 dart slugs
  74 orcs
  8 ball pythons
  4 bats
  5 endoplasms
  4 giant cockroaches
  18 goblins
  10 hobgoblins
  7 jackals
  2 quokkas
  31 kobolds
  6 rats
  A lurking horror (D:13)
1170 creatures vanquished.

Vanquished Creatures (collateral kills)
  A water moccasin (Lair:2)
  4 boulders
  7 foxfires
12 creatures vanquished.

Vanquished Creatures (others)
  An occultist (Gauntlet)
  A deep elf zephyrmancer (Elf:3)
  A rime drake (Lair:5)
  A kobold (D:9)
  4 boulders
  2109 foxfires
  8 tentacles (Shoals:4)
2125 creatures vanquished.

Grand Total: 3307 creatures vanquished

Notes
Turn   | Place    | Note
-------+----------+-------------------------------------------
     0 | D:1      | Conn the Octopode Fire Elementalist began the quest for the
                  | Orb.
     0 | D:1      | Reached XP level 1. HP: 11/11 MP: 3/3
   270 | D:1      | Reached XP level 2. HP: 17/17 MP: 1/5
   755 | D:1      | Reached XP level 3. HP: 21/21 MP: 6/6
   800 | D:1      | Learned a level 2 spell: Scorch
   804 | D:1      | Learned a level 3 spell: Inner Flame
  1181 | D:2      | Found a faded altar of an unknown god.
  1339 | D:2      | Noticed Natasha
  1351 | D:2      | Killed Natasha
  1352 | D:2      | Reached XP level 4. HP: 22/27 MP: 7/7
  1774 | D:2      | Noticed Natasha
  1785 | D:2      | Killed Natasha
  1786 | D:2      | Reached XP level 5. HP: 31/31 MP: 9/9
  1990 | D:2      | Noticed Natasha
  1994 | D:2      | Killed Natasha
  2112 | D:3      | Noticed Robin
  2243 | D:3      | Killed Robin
  2437 | D:3      | Reached XP level 6. HP: 36/36 MP: 10/10
  2461 | D:3      | Identified the +8 chain mail of Wariness {rC+ Stlth+}
  2769 | D:3      | You fall into a shaft and drop 3 floors!
  2791 | D:6      | Reached skill level 1 in Hexes
  2956 | D:6      | Noticed a black bear
  2967 | D:5      | Entered Level 5 of the Dungeon
  3110 | D:6      | Killed a black bear
  3111 | D:6      | Reached skill level 5 in Stealth
  3111 | D:6      | Reached XP level 7. HP: 41/41 MP: 10/11
  3214 | D:6      | Learned a level 4 spell: Flame Wave
  3300 | D:6      | Noticed Grinder
  3312 | D:6      | Killed Grinder
  3550 | D:6      | Reached XP level 8. HP: 46/46 MP: 13/13
  3644 | D:6      | Noticed a cyclops
  3654 | D:6      | Killed a cyclops
  3655 | D:6      | Reached skill level 5 in Fire Magic
  3950 | D:5      | Identified the +4 trident of Mugutyad {venom, rF+ Dex+2}
  4022 | D:5      | Found a transporter.
  4329 | D:4      | Noticed Edmund
  4339 | D:4      | Killed Edmund
  4340 | D:4      | Reached skill level 5 in Dodging
  4340 | D:4      | Reached XP level 9. HP: 37/51 MP: 4/15
  4500 | D:4      | Found a staircase to the Ecumenical Temple.
  4571 | Temple   | Entered the Ecumenical Temple
  4581 | Temple   | Became a worshipper of Sif Muna the Loreminder
  5158 | D:3      | Reached * piety under Sif Muna
  5201 | D:3      | Reached skill level 5 in Conjurations
  6603 | D:5      | Found a transporter.
  6604 | D:5      | Identified the amulet "Agruorgha" {Harm ^Drain rN++ Regen+}
  6688 | D:5      | Reached skill level 5 in Spellcasting
  6886 | D:5      | Found a sparkling altar of Nemelex Xobeh.
  6886 | D:5      | Found an opulent altar of Gozag.
  7020 | D:5      | Learned a level 3 spell: Mephitic Cloud
  7024 | D:5      | Learned a level 3 spell: Summon Ice Beast
  7045 | D:5      | Noticed nitefall's ghost (novice MiBe)
  7277 | D:5      | Gained mutation: You possess an exceptional clarity of
                  | mind. [potion of mutation]
  7277 | D:5      | Gained mutation: You are agile. (Dex +4, Str/Int -1)
                  | [potion of mutation]
  7277 | D:5      | Gained mutation: A frigid envelope surrounds you and
                  | freezes all who hurt you. [potion of mutation]
  7336 | D:5      | Killed nitefall's ghost
  7337 | D:5      | Reached skill level 1 in Summonings
  7337 | D:5      | Reached skill level 1 in Alchemy
  7337 | D:5      | Reached skill level 1 in Invocations
  7344 | D:5      | Reached skill level 1 in Ice Magic
  7344 | D:5      | Reached skill level 1 in Air Magic
  8030 | D:7      | Reached ** piety under Sif Muna
  8031 | D:7      | Reached XP level 10. HP: 44/56 MP: 17/17
  8174 | D:7      | Found a runed translucent door.
  8175 | D:7      | Noticed Crazy Yiuf
  8258 | D:7      | Reached skill level 1 in Shields
  8258 | D:7      | Reached skill level 2 in Invocations
  8270 | D:7      | Noticed Duvessa
  8271 | D:7      | Noticed Dowan
  8464 | D:7      | Killed Dowan
  8465 | D:7      | Killed Duvessa
  8466 | D:7      | Reached skill level 1 in Fighting
  8673 | D:7      | Reached skill level 1 in Polearms
  9231 | D:7      | Killed Crazy Yiuf
  9294 | D:8      | Noticed Grum
  9432 | D:8      | Paralysed by a hornet for 1 turns
  9451 | D:8      | Reached skill level 5 in Hexes
  9559 | D:8      | Found a flagged portal.
  9610 | Bailey   | Entered a bailey
  9744 | Bailey   | Reached *** piety under Sif Muna
  9972 | Bailey   | Identified the +5 quarterstaff of Luxury {freeze, Str+2
                  | Int+3}
  9972 | Bailey   | Identified the ring "Kiesotz" {rC+ Dex+6}
 10139 | Bailey   | Reached skill level 3 in Invocations
 10189 | Bailey   | Got the Vellum of Formulae
 10413 | D:8      | Reached XP level 11. HP: 30/65 MP: 19/19
 10416 | D:8      | Killed Grum
 10845 | D:9      | Noticed a manticore
 10850 | D:9      | Noticed a two-headed ogre
 11013 | D:9      | Killed a manticore
 11029 | D:9      | Noticed a boulder beetle
 11080 | D:9      | Noticed a two-headed ogre
 11125 | D:9      | Killed a two-headed ogre
 11126 | D:9      | Reached skill level 1 in Axes
 11126 | D:9      | Reached skill level 1 in Staves
 11132 | D:9      | Noticed a death knight
 11136 | D:10     | Entered Level 10 of the Dungeon
 11148 | D:10     | Noticed a two-headed ogre
 11153 | D:10     | Reached **** piety under Sif Muna
 11154 | D:10     | Killed a two-headed ogre
 11290 | D:10     | Learned a level 3 spell: Hailstorm
 11571 | D:10     | Found a staircase to the Lair.
 11613 | D:10     | Noticed a two-headed ogre
 11621 | D:10     | Killed a two-headed ogre
 11622 | D:10     | Reached skill level 4 in Invocations
 12213 | D:9      | Killed a boulder beetle
 12380 | D:9      | Identified the ring "Fumigg" {rElec rF- rC+ Int+5 Dex+3}
 12383 | D:9      | Reached skill level 5 in Shields
 12390 | D:9      | Learned a level 3 spell: Dazzling Flash
 12475 | D:9      | Noticed an entropy weaver
 12479 | D:9      | an entropy weaver changed into a queen bee
 12564 | D:9      | Reached XP level 12. HP: 52/74 MP: 0/21
 12679 | D:9      | Killed a death knight
 13206 | D:9      | Found a staircase to the Orcish Mines.
 13547 | D:9      | Killed a two-headed ogre
 14171 | D:11     | Found Tasox's Antique Weapon Shoppe.
 14178 | D:11     | Bought a faintly glowing falchion for 232 gold pieces
 14178 | D:11     | Identified the +5 falchion of Dried Tears {freeze, Int+3}
                  | (You bought it in a shop on level 11 of the Dungeon)
 14524 | D:11     | Reached ***** piety under Sif Muna
 14535 | D:11     | Reached skill level 5 in Invocations
 14778 | D:11     | Noticed a two-headed ogre
 14785 | D:11     | Killed a two-headed ogre
 14786 | D:11     | Reached skill level 5 in Staves
 15312 | D:11     | Received a gift from Sif Muna
 15313 | D:11     | Reached skill level 5 in Axes
 15313 | D:11     | Got Sif Muna's Information on Electricity {god gift}
 15340 | D:11     | Noticed a centaur warrior
 15359 | D:11     | Killed a centaur warrior
 15945 | D:12     | Reached XP level 13. HP: 81/81 MP: 17/23
 15978 | D:12     | Noticed Urug
 15997 | D:12     | Killed Urug
 15998 | D:12     | Reached skill level 5 in Fighting
 16377 | D:12     | Noticed Erolcha
 16386 | D:12     | Killed Erolcha
 16805 | D:12     | Reached skill level 6 in Invocations
 17213 | D:13     | Noticed Josephine
 17222 | D:12     | Killed Josephine
 18278 | D:13     | Found a corrupted altar of Lugonu.
 18278 | D:13     | Found a one-way gate to the infinite horrors of the Abyss.
 18454 | Orc:1    | Entered Level 1 of the Orcish Mines
 18454 | Orc:1    | Noticed an ettin
 18560 | D:9      | Learned a level 5 spell: Freezing Cloud
 18589 | Orc:1    | Killed an ettin
 18969 | Orc:2    | Entered Level 2 of the Orcish Mines
 18969 | Orc:2    | Found a staircase to the Elven Halls.
 18974 | Orc:2    | Found a gate leading to a gauntlet.
 18983 | Gauntlet | Entered a Gauntlet
 18983 | Gauntlet | Found a transporter.
 18983 | Gauntlet | Found a transporter.
 18983 | Gauntlet | Found a transporter.
 18984 | Gauntlet | Found a transporter.
 18987 | Gauntlet | Found a transporter.
 18987 | Gauntlet | Found a transporter.
 18997 | Gauntlet | Found a transporter.
 19001 | Gauntlet | Found a transporter.
 19003 | Gauntlet | Found a large runed translucent door.
 19004 | Gauntlet | Found a large runed translucent door.
 19005 | Gauntlet | Found a large runed translucent door.
 19005 | Gauntlet | Found a large runed translucent door.
 19005 | Gauntlet | Found a runed translucent door.
 19006 | Gauntlet | Found a large runed translucent door.
 19007 | Gauntlet | Found a large runed translucent door.
 19008 | Gauntlet | Found a large runed translucent door.
 19008 | Gauntlet | Found a large runed translucent door.
 19009 | Gauntlet | Found a runed translucent gate.
 19011 | Gauntlet | Found a transporter.
 19113 | Gauntlet | Found a transporter.
 19117 | Gauntlet | Found a transporter.
 19119 | Gauntlet | Found a large runed translucent door.
 19120 | Gauntlet | Found a large runed translucent door.
 19121 | Gauntlet | Found a large runed translucent door.
 19121 | Gauntlet | Found a large runed translucent door.
 19121 | Gauntlet | Found a runed translucent door.
 19122 | Gauntlet | Found a large runed translucent door.
 19123 | Gauntlet | Found a large runed translucent door.
 19124 | Gauntlet | Found a large runed translucent door.
 19124 | Gauntlet | Found a large runed translucent door.
 19125 | Gauntlet | Found a runed translucent gate.
 19125 | Gauntlet | Found a runed translucent gate.
 19127 | Gauntlet | Found a transporter.
 19365 | Gauntlet | Identified the staff "Itiozuat" {rPois rN+ Alchemy}
 19483 | Gauntlet | Reached XP level 14. HP: 61/90 MP: 17/25
 19929 | Orc:2    | Found a runed translucent gate.
 19929 | Orc:2    | Found a runed translucent gate.
 19931 | Orc:2    | Found a runed translucent gate.
 19932 | Orc:2    | Noticed topfpfpflanze's ghost (journeyman FeCj)
 19946 | Orc:1    | Received a gift from Sif Muna
 20172 | Orc:1    | Noticed Jorgrun
 20185 | Orc:1    | Learned a level 5 spell: Fireball
 20190 | Orc:1    | Learned a level 4 spell: Brom's Barrelling Boulder
 20199 | Orc:1    | Killed Jorgrun
 20200 | Orc:1    | Reached skill level 7 in Invocations
 20295 | Orc:1    | Found Safut's General Store.
 20405 | Orc:2    | Killed topfpfpflanze's ghost
 21100 | Orc:2    | Noticed an orc warlord
 21115 | Orc:2    | Killed an orc warlord
 21170 | Orc:2    | Found Omaamnum's Antique Armour Boutique.
 21290 | Orc:2    | Found Durphoizu's General Store.
 21292 | Orc:2    | Found Tilyhocu's Book Boutique.
 21323 | Orc:2    | Found Qoleff's Antique Weapon Boutique.
 21364 | Orc:2    | Bought a book of Annihilations for 720 gold pieces
 21572 | Orc:2    | Found a shimmering altar of Xom.
 22177 | Lair:1   | Entered Level 1 of the Lair of Beasts
 22781 | Lair:1   | You are sucked into a shaft and drop 1 floor!
 23385 | Lair:2   | Noticed Nergalle
 23532 | Lair:2   | Killed Nergalle
 23533 | Lair:2   | Reached skill level 1 in Earth Magic
 23754 | Lair:2   | Found a hole to the Spider Nest.
 23821 | Lair:2   | Received a gift from Sif Muna
 23833 | Lair:2   | Reached skill level 8 in Invocations
 24319 | Lair:2   | Reached XP level 15. HP: 96/96 MP: 27/27
 24945 | Lair:3   | Reached skill level 5 in Ice Magic
 24953 | Lair:3   | Reached skill level 5 in Air Magic
 25128 | Lair:3   | Found a staircase to the Shoals.
 25763 | Lair:3   | Learned a level 2 spell: Blink
 26092 | Lair:3   | Reached skill level 9 in Invocations
 26297 | Lair:3   | Found a blossoming altar of Fedhas.
 26601 | Lair:4   | Reached skill level 1 in Translocations
 26660 | Lair:4   | Received a gift from Sif Muna
 26667 | Lair:4   | Noticed Sonja
 26671 | Lair:4   | Killed Sonja
 26799 | Lair:4   | Got Sif Muna's Volume of Indurated Curses {god gift}
 27133 | Lair:4   | Noticed Laummuim's ghost (journeyman FeFi)
 27134 | Lair:4   | Found a bloodstained altar of Trog.
 27178 | Lair:4   | Found a transporter.
 27266 | Lair:4   | Found a transporter.
 27594 | Lair:5   | Entered Level 5 of the Lair of Beasts
 27602 | Lair:5   | Reached skill level 10 in Fire Magic
 27820 | Lair:5   | Reached skill level 10 in Invocations
 28443 | Lair:5   | Reached XP level 16. HP: 92/105 MP: 7/29
 28818 | Lair:5   | Found a staircase to the Slime Pits.
 29017 | Lair:5   | Reached skill level 10 in Staves
 29101 | Lair:5   | Reached skill level 10 in Conjurations
 29370 | Lair:5   | Found a corrupted altar of Lugonu.
 29422 | Lair:5   | Identified the staff of the Morning {rElec rC+ Air}
 30152 | Lair:4   | Reached ****** piety under Sif Muna
 30158 | Lair:4   | Killed Laummuim's ghost
 30160 | Lair:4   | Received a gift from Sif Muna
 30161 | Lair:4   | Reached skill level 11 in Invocations
 30161 | Lair:4   | Got Sif Muna's Disquisition on Grim Interference {god gift}
 30283 | Lair:4   | Identified the +1 pair of boots of Wonep {Dex+3}
 30370 | Shoals:1 | Entered Level 1 of the Shoals
 30525 | Lair:3   | Learned a level 4 spell: Iskenderun's Mystic Blast
 32070 | Shoals:2 | Noticed Louise
 32087 | Shoals:2 | Killed Louise
 33023 | Shoals:2 | Reached skill level 10 in Spellcasting
 33182 | Shoals:2 | Reached skill level 5 in Translocations
 33182 | Shoals:2 | Reached skill level 12 in Invocations
 33546 | Shoals:3 | Reached XP level 17. HP: 113/113 MP: 15/31
 33989 | Shoals:3 | Received a gift from Sif Muna
 34110 | Shoals:3 | Got Sif Muna's Codex of Distance {god gift}
 34309 | Shoals:3 | Found a runed translucent gate.
 34309 | Shoals:3 | Found a runed translucent gate.
 34309 | Shoals:3 | Found a runed translucent gate.
 34310 | Shoals:3 | Noticed Witt's ghost (adept GrFi)
 34845 | Shoals:3 | Noticed Wecaes's ghost (journeyman HOFE)
 34863 | Shoals:3 | Killed Wecaes's ghost
 34868 | Shoals:3 | Killed Witt's ghost
 35011 | Shoals:4 | Entered Level 4 of the Shoals
 35424 | Shoals:4 | Noticed a kraken
 35496 | Shoals:4 | Killed a kraken
 35509 | Shoals:4 | Reached skill level 13 in Invocations
 36148 | Shoals:4 | Noticed Ilsuiw
 36158 | Shoals:4 | Killed Ilsuiw
 36162 | Shoals:4 | Reached skill level 10 in Fighting
 36496 | Shoals:4 | Got a barnacled rune of Zot
 36594 | Shoals:4 | Received a gift from Sif Muna
 36597 | Shoals:4 | Got Sif Muna's Encyclopedia of Attacks and the Wendigo {god
                  | gift}
 37404 | D:14     | Reached XP level 18. HP: 71/121 MP: 3/32
 37665 | D:14     | Found a gate to the Vaults.
 38626 | D:15     | Entered Level 15 of the Dungeon
 38626 | D:15     | Found Heseteh's Armour Boutique.
 38634 | D:15     | Bought a +1 kite shield of poison resistance for 189 gold
                  | pieces
 38809 | D:15     | Found a staircase to the Depths.
 38822 | D:15     | Reached skill level 14 in Invocations
 40025 | D:15     | Found a runed translucent gate.
 40025 | D:15     | Found a runed translucent gate.
 40025 | D:15     | Found a viscous altar of Jiyva.
 40025 | D:15     | Found a runed translucent gate.
 40025 | D:15     | Noticed Skimidon's ghost (journeyman DsFi)
 40721 | Vaults:1 | Entered Level 1 of the Vaults
 41337 | Elf:1    | Entered Level 1 of the Elven Halls
 41703 | Elf:1    | Received a gift from Sif Muna
 41704 | Elf:1    | Paralysed by an air elemental for 1 turns
 41707 | Elf:1    | Got Sif Muna's Octavo of the Fuming Cwm {god gift}
 41915 | Elf:1    | Got the Disquisition on Apparitions
 42549 | Elf:1    | Found Ylehidup's General Store.
 42951 | Elf:2    | Reached skill level 10 in Shields
 43054 | Elf:2    | Found Rasafik's Book Boutique.
 43059 | Elf:2    | Found Tak Det's Assorted Antiques.
 43153 | Elf:2    | Reached skill level 15 in Invocations
 43212 | Elf:2    | Found a runed translucent door.
 43324 | Elf:2    | Found a runed translucent door.
 43340 | Elf:2    | Reached XP level 19. HP: 102/128 MP: 16/34
 44641 | Elf:3    | Entered Level 3 of the Elven Halls
 44659 | Elf:2    | Learned a level 6 spell: Starburst
 44868 | Elf:3    | Found Laulexas's Antique Armour Shoppe.
 45180 | Elf:3    | Found a bloodstained altar of Trog.
 45284 | Elf:3    | Found a portal to a secret trove of treasure.
 45464 | Elf:3    | Noticed Zenata
 45510 | Elf:3    | Killed Zenata
 46010 | Elf:3    | Killed from afar by a deep elf elementalist

Illustrated notes

Levels and vault maps discovered:
D:1:      scummos_arrival_forest, layout_basic, minmay_small_reverse_x
D:2:      layout_rooms, ebering_ecumenical_altar_abandoned, uniq_natasha
D:3:      cheibrodos_thug_alley, layout_basic, uniq_robin
D:4:      layout_loops_corners, minmay_temple_entry_tees, chequers_jeans,
          grunt_tough_drop, uniq_edmund
D:5:      layout_basic, grunt_temple_overflow_opulence,
          gammafunk_ghost_gnarly_gnolls, minmay_misc_feat_diagonals,
          wad_floor_pattern_untrapped, minmay_tree_intersection,
          grunt_decor_arrowhead
D:6:      kennysheep_spiral_hall, layout_basic, uniq_grinder
D:7:      layout_basic, uniq_duvessa, uniq_crazy_yiuf_cottage
D:8:      layout_rooms, enter_bailey_8, blue_anna_alchemist, uniq_grum
D:9:      minmay_the_grid_net [minmay_the_grid_embedded, minmay_the_grid_rooms,
          minmay_the_grid_broken_lines, minmay_the_grid_gridbox,
          minmay_the_grid_odd_star,
          minmay_the_grid_prize_four_corners_diamond_a], layout_small_grid,
          orc_0_dummy, corexii_leaking_fountain
D:10:     nicolae_BIG_FREAKIN_CUBE, layout_irregular_city
D:11:     layout_basic, serial_shops, shop, minmay_pinched_square
D:12:     layout_basic, uniq_urug, uniq_erolcha
D:13:     layout_roguey, amcnicky_altar_lugonu_corruption, uniq_josephine
D:14:     layout_loops_corners, david_vaults_5, corexii_hall_statues_deadend
D:15:     gammafunk_depths_entry_grave, layout_layer_cave, serial_shops, shop,
          gammafunk_ghost_ooze
Temple:   nicolae_temple_bog_church
Lair:1:   layout_cave_pods, chequers_serial_rivers_micro_e, serial_bayou_shore_a
Lair:2:   layout_cave_pods, nicolae_spider_entry_orb_guardian,
          nicolae_quartered_pool_super, uniq_nergalle
Lair:3:   regret_index_malice_mire, layout_chaotic_city,
          minmay_shoals_entry_lonely_mermaid, minivault_26,
          hangedman_tree_tricks
Lair:4:   layout_concentric_octagons, gammafunk_ghost_wrathful_warriors,
          hangedman_lair_generics_rect, uniq_sonja
Lair:5:   hellmonk_lair_end_abyssal_woods, layout_big_grid, slime_entry_1,
          grunt_forest_small_clearings, fungi_pond_lemuel, evilmike_ambush
          [evilmike_ambush_outer_basic, evilmike_ambush_inner_basic],
          infiniplex_staircase_pool
Shoals:1: layout_shoals
Shoals:2: layout_shoals, uniq_louise
Shoals:3: layout_shoals, gammafunk_ghost_cemetery, nicolae_shoals_water_shrine
Shoals:4: shoals_end_grunt_ice, layout_shoals, shoal_ilsuiw,
          nicolae_shoals_isolated_beach
Orc:1:    layout_caves, basic_altar, serial_shops,
          nicolae_shop_tiny_real_fake_doors, uniq_jorgrun
Orc:2:    grunt_orc_cross, layout_caves, basic_altar, gammafunk_ghost_split,
          gauntlet_entry_generic, regret_index_xom_of_box
Elf:1:    nicolae_elf_arrival_fired_up, layout_geoelf_octagon, serial_shops,
          shop, serial_glass, glass_columns_a, glass_columns_a,
          minmay_elf_demonology, grunt_megastairs_3
Elf:2:    nicolae_elf_blades_splatter_lattice
          [nicolae_blade_entry_splitting_headache], layout_geoelf_octagon,
          minmay_shop_star
Elf:3:    minmay_elf_hall, layout_geoelf_diagonals, enter_trove_1, serial_shops,
          shop, evilmike_spriggan_trog_shrine, uniq_zenata
Vaults:1: nicolae_vaults_closet_pinwheel_3, nicolae_vaults_big_ls,
          nicolae_vaults_closet_pinwheel_1, v_misc_27, nicolae_vaults_wrenched,
          nicolae_vaults_shelves_hall, v_rooms_5, vaults_room_guarded_vault,
          v_misc_24, nicolae_vaults_tangram_1, v_misc_17, v_misc_24,
          layout_vaults_big_cross

Skill      XL: |  1  2  3  4  5  6  7  8  9 10 11 12 13 14 15 16 17 18 19 |
---------------+----------------------------------------------------------+-----
Stealth        | 3 4 5 6 7 8 |  8.0
Conjurations   | 2 3 4 5 6 7 8 9 10 11 12 | 12.5
Dodging        | 3 4 5 6 7 8 9 |  9.0
Spellcasting   | 3 4 5 6 7 8 9 10 11 | 11.8
Hexes          | 1 2 3 4 5 |  5.4
Fire Magic     | 4 5 6 7 8 9 10 11 12 | 12.8
Summonings     | 1 2 3 |  3.0
Alchemy        | 1 2 3 |  3.2
Invocations    | 1 3 4 5 6 8 10 12 13 15 | 15.9
Ice Magic      | 1 2 3 4 5 |  5.0
Air Magic      | 1 2 3 4 5 |  5.0
Shields        | 3 5 7 8 9 10 | 10.6
Fighting       | 2 3 4 6 8 9 10 11 | 11.6
Polearms       | 2 |  2.7
Axes           | 3 5 7 |  7.0
Staves         | 3 5 7 8 9 11 12 13 14 | 14.3
Earth Magic    | 1 3 |  3.0
Translocations | 3 5 |  5.0

Action                     |  1- 3 |  4- 6 |  7- 9 | 10-12 | 13-15 | 16-18 | 19-21 || total
---------------------------+-------+-------+-------+-------+-------+-------+-------++-------
  Melee: Unarmed           |     7 |       |       |       |       |       |       ||     7
         Dagger            |    23 |    15 |       |       |       |       |       ||    38
         Constrict         |     6 |     1 |     7 |    11 |    17 |    21 |    10 ||    73
         Tentacles         |     4 |     4 |     8 |    17 |    43 |    77 |    20 ||   173
         Punch             |       |     2 |     1 |       |     2 |     3 |       ||     8
         Mace              |       |     1 |    31 |       |       |       |       ||    32
         Trident           |       |       |     3 |    76 |   132 |   188 |    36 ||   435
  Throw: Dart              |       |       |     1 |     2 |     4 |     2 |     2 ||    11
   Cast: Foxfire           |    48 |    87 |   152 |   251 |   406 |   233 |    37 ||  1214
         Scorch            |       |    19 |    42 |   145 |   199 |   126 |     2 ||   533
         Inner Flame       |       |     8 |    14 |    55 |    57 |    43 |     2 ||   179
         Flame Wave        |       |       |     9 |    27 |    60 |    47 |       ||   143
         Summon Ice Beast  |       |       |     2 |     5 |    16 |    15 |       ||    38
         Mephitic Cloud    |       |       |     1 |    17 |    28 |    15 |     6 ||    67
         Hailstorm         |       |       |       |       |    13 |     6 |     1 ||    20
         Dazzling Flash    |       |       |       |       |     3 |       |       ||     3
         Fireball          |       |       |       |       |    23 |   285 |    39 ||   347
         Brom's Barrelling |       |       |       |       |     1 |     8 |       ||     9
         Blink             |       |       |       |       |     1 |     7 |     1 ||     9
         Iskenderun's Myst |       |       |       |       |       |    58 |    59 ||   117
         Starburst         |       |       |       |       |       |       |    14 ||    14
 Invoke: Channel Magic     |       |       |       |     1 |     3 |    15 |     3 ||    22
  Evoke: Wand              |       |       |       |       |     1 |     2 |       ||     3
         Lightning rod     |       |       |       |       |       |     1 |       ||     1
    Use: Potion            |     1 |       |     5 |       |     3 |    10 |     2 ||    21
         Scroll            |       |       |     6 |    16 |     9 |     6 |     2 ||    39
   Stab: Sleeping          |     1 |     3 |     4 |     3 |    10 |     6 |     1 ||    28
         Distracted        |       |       |       |     4 |       |       |       ||     4
         Confused          |       |       |       |     2 |     4 |     6 |     2 ||    14
         Invisible         |       |       |       |       |     1 |       |       ||     1
 Armour: Skin              |    33 |    18 |    41 |    60 |   101 |   167 |    34 ||   454
  Dodge: Dodged            |    30 |    17 |    62 |   168 |   255 |   291 |    44 ||   867
  Block: Buckler           |       |       |       |    44 |   192 |    61 |       ||   297
         Kite shield       |       |       |       |       |       |   249 |    24 ||   273
